[Event "Titled Tuesday Blitz August 16 Late 2022"]
[White "Roman, Rodrigo"]
[Black "Goryachkina, Aleksandra"]
[WhiteFideId "3701220"]
[BlackFideId "4147103"]
[WhiteElo "2001"]
[BlackElo "2426"]
[Result "0-1"]
[Round "07"]
[TimeControl "180+1"]
[Date "2022.08.16"]
[WhiteClock "0:00:02"]
[BlackClock "0:00:18"]

1. e4 e6 2. d4 d5 3. Nc3 Bb4 4. e5 c5 5. a3 Bxc3+ 6. bxc3 Ne7 7. Nf3 Qc7 8. Bd2 b6 9. Bb5+ Bd7 10. Bd3 c4 11. Be2 Ba4 12. h4 Nbc6 13. h5 h6 14. Rh3 O-O-O 15. Rb1 a5 16. Bf4 b5 17. Kd2 Kd7 18. Nh2 Rb8 19. Nf1 b4 20. axb4 axb4 21. Ra1 Ra8 22. cxb4 Nxd4 23. Ne3 Qb6 24. Qb1 c3+ 25. Ke1 Nxe2 26. Kxe2 Bb5+ 27. Kf3 Qd4 28. Kg3 g5 29. hxg6 Nxg6 30. Rh4 Nxh4 31. Ng4 Nf5+ 32. Kh3 Qxf4 33. g3 Qf3 34. Nf6+ Kc7 35. Rxa8 Rxa8 36. Qe1 d4 37. Qb1 Qxf2 38. Qh1 Bf1+ 39. Kg4 Qxg3+ 40. Kh5 Qg5# 0-1


[Site "https://www.chess.com"]

[Event "Titled Tuesday Blitz August 16 Late 2022"]
[White "Rosenberg, Evan S"]
[Black "Lagowski, Patryk"]
[WhiteFideId "2019299"]
[BlackFideId "1114611"]
[WhiteElo "1999"]
[BlackElo "2274"]
[Result "1-0"]
[Round "07"]
[TimeControl "180+1"]
[Date "2022.08.18"]
[WhiteClock "0:00:00"]
[BlackClock "0:00:00"]

1. e4 c5 2. Nc3 d6 3. f4 g6 4. Nf3 Bg7 5. Bb5+ Bd7 6. a4 e6 7. e5 d5 8. d3 Ne7 9. O-O a6 10. Bxd7+ Nxd7 11. d4 cxd4 12. Nxd4 Nf5 13. Nxf5 gxf5 14. Be3 Qc7 15. a5 Bf8 16. Na4 Nc5 17. Nxc5 Bxc5 18. Bxc5 Qxc5+ 19. Kh1 O-O-O 20. Rf3 Kb8 21. Rc3 Qb4 22. Qf1 Rc8 23. Rb3 Qc4 24. Qxc4 Rxc4 25. g3 Rxc2 26. Ra4 Rhc8 27. Rab4 R8c7 28. Rb6 Ka7 29. Kg1 Rd2 30. Rf3 Rc1+ 31. Rf1 Rxf1+ 32. Kxf1 Rxh2 33. b4 h5 34. Rd6 Rb2 35. Rd7 Rxb4 36. Rxf7 Rb3 37. Kf2 Rb2+ 38. Kf3 Ra2 39. Re7 Ra3+ 40. Kg2 Rxa5 41. Rxe6 Ra2+ 42. Kf3 a5 43. Rd6 Rc2 44. Rxd5 Ka6 45. e6 Rc6 46. e7 Rc3+ 47. Kf2 Rc2+ 48. Kf1 Rc1+ 49. Ke2 Rc8 50. Rd8 Rc4 51. e8=Q Re4+ 52. Qxe4 fxe4 53. Re8 b5 54. Rxe4 a4 55. Kd3 Ka5 56. Kc3 b4+ 57. Rxb4 a3 58. Kb3 a2 59. Ra4+ Kb5 60. Rxa2 Kc5 61. Rh2 Kd4 62. Rxh5 Ke3 63. Re5+ Kf3 64. f5 Kxg3 65. f6 Kf4 66. Re8 Kf5 67. f7 Kf4 68. f8=Q+ 1-0


[Site "https://www.chess.com"]

[Event "Titled Tuesday Blitz August 16 Late 2022"]
[White "Sanchez, Robert"]
[Black "Tarnowska, Aleksandra"]
[WhiteFideId "2034360"]
[BlackFideId "1180967"]
[WhiteElo "1966"]
[BlackElo "1700"]
[Result "1-0"]
[Round "07"]
[TimeControl "180+1"]
[Date "2022.08.18"]
[WhiteClock "0:00:00"]
[BlackClock "0:00:00"]

1. e4 c5 2. Nf3 e6 3. d4 cxd4 4. Nxd4 a6 5. Bd3 Bc5 6. Nb3 Ba7 7. Nc3 d6 8. Qe2 Nf6 9. Be3 Nc6 10. O-O-O O-O 11. Kb1 b5 12. f4 Qc7 13. Bxa7 Rxa7 14. g4 b4 15. Na4 Qa5 16. Nxa5 Nxa5 17. g5 Nd7 18. h4 Bb7 19. h5 Bc6 20. b3 Bxa4 21. bxa4 Nc5 22. g6 Nxa4 23. Qe3 Nc3+ 24. Ka1 Nxd1 25. Qxa7 Nc6 26. Qc7 Nf2 27. gxh7+ Kh8 28. Rg1 Nd4 29. Qxd6 1-0


[Site "https://www.chess.com"]

[Event "Titled Tuesday Blitz August 16 Late 2022"]
[White "Sarkar, Justin"]
[Black "Zeynalov, Farid"]
[WhiteFideId "2010011"]
[BlackFideId "13402250"]
[WhiteElo "2076"]
[BlackElo "2278"]
[Result "0-1"]
[Round "07"]
[TimeControl "180+1"]
[Date "2022.08.18"]
[WhiteClock "0:00:00"]
[BlackClock "0:00:00"]

1. e4 c5 2. Nf3 d5 3. exd5 Qxd5 4. Nc3 Qd8 5. Bc4 Nf6 6. d4 e6 7. O-O cxd4 8. Nxd4 a6 9. Bf4 Be7 10. Nb3 O-O 11. Qf3 Nc6 12. Rad1 Bd7 13. Ne4 Nxe4 14. Qxe4 Qc8 15. Bd6 Bxd6 16. Rxd6 Ne7 17. Bd3 Ng6 18. c4 Bc6 19. Qe3 Qc7 20. c5 Qe7 21. Na5 Rac8 22. Nxc6 Rxc6 23. Rxc6 bxc6 24. Bxa6 Qh4 25. b3 Rd8 26. Bb7 Ne7 27. a4 Qb4 28. Ba6 h6 29. Bc4 Nf5 30. Qe5 Kf8 31. g3 Qd2 32. Qc7 Ne7 33. a5 Rc8 34. Qb6 Qd7 35. a6 Ra8 0-1


[Site "https://www.chess.com"]

[Event "Titled Tuesday Blitz August 16 Late 2022"]
[White "Senthil Maran K"]
[Black "Miszler, Levente"]
[WhiteFideId "25035681"]
[BlackFideId "763276"]
[WhiteElo "2124"]
[BlackElo "1966"]
[Result "1-0"]
[Round "07"]
[TimeControl "180+1"]
[Date "2022.08.18"]
[WhiteClock "0:00:00"]
[BlackClock "0:00:00"]

1. c4 Nf6 2. Nc3 c5 3. Nf3 Nc6 4. d4 cxd4 5. Nxd4 Nxd4 6. Qxd4 d6 7. g3 g6 8. Bg2 Bg7 9. O-O O-O 10. Bg5 a6 11. Qh4 Be6 12. b3 Rb8 13. Rad1 b5 14. c5 b4 15. Nd5 Bxd5 16. Bxd5 e6 17. Bc4 d5 18. Bxa6 Qa5 19. Bd3 Nd7 20. c6 Nc5 21. Bb1 Rfc8 22. Bf4 e5 23. Bh6 d4 24. Bxg7 Kxg7 25. f4 e4 26. f5 Rxc6 27. f6+ Kg8 28. Qh6 Ne6 29. Bxe4 Rc5 30. Qd2 Re5 31. Bd3 Re3 32. Bc4 Qe5 33. Bxe6 Qxe6 34. Qxd4 Rxe2 35. Qd8+ Qe8 36. Qxe8+ Rbxe8 37. Rf2 R2e6 38. Rd4 g5 39. Rxb4 h6 40. Kg2 Kh7 41. Rb5 Kg6 42. Rbf5 Ra8 43. a4 Rb8 44. R5f3 Rb4 45. h3 Reb6 46. a5 R6b5 47. Ra2 h5 48. a6 Rb8 49. a7 Ra8 50. Ra6 Rb7 51. b4 Rxb4 52. Rfa3 Rb7 53. Ra2 Rc7 54. Kf2 Rb7 55. g4 hxg4 56. hxg4 Rc7 57. R2a4 Rb7 58. Ke3 Rc7 59. R4a5 Rd7 60. Ke4 Rc7 61. Kd4 Rc1 62. Ke5 Rc7 63. Kd6 Rc1 64. Rb6 Rd1+ 65. Kc7 Rc1+ 66. Rc6 Rb1 67. Raa6 Rb2 68. Rcb6 Re2 69. Kb7 Ree8 70. Rc6 Red8 71. Ra5 Re8 72. Rc7 Red8 73. Kb6 Kxf6 74. Rb5 Rd6+ 75. Kb7 Rdd8 76. Rb6+ Kg7 77. Ka6 Re8 78. Rcb7 Rac8 79. Rb8 Rc1 80. Rxe8 Ra1+ 81. Kb7 1-0


[Site "https://www.chess.com"]

[Event "Titled Tuesday Blitz August 16 Late 2022"]
[White "Shimanov, Aleksandr"]
[Black "Zou, Chen"]
[WhiteFideId "4198603"]
[BlackFideId "8610959"]
[WhiteElo "2605"]
[BlackElo "2276"]
[Result "1-0"]
[Round "07"]
[TimeControl "180+1"]
[Date "2022.08.16"]
[WhiteClock "0:00:04"]
[BlackClock "0:00:07"]

1. e4 e5 2. Nf3 Nc6 3. Nc3 Nf6 4. h3 d5 5. exd5 Nxd5 6. Bb5 Nxc3 7. bxc3 Bd6 8. O-O O-O 9. Re1 Re8 10. d4 exd4 11. Rxe8+ Qxe8 12. cxd4 Bd7 13. Bf1 Qf8 14. c4 b6 15. Bb2 Ba3 16. Bxa3 Qxa3 17. d5 Na5 18. Ne5 Qd6 19. Qd4 Re8 20. Nxd7 Qxd7 21. c5 Rd8 22. Rd1 h6 23. g3 Nc6 24. Qf4 bxc5 25. Bb5 Nd4 26. Bxd7 Ne2+ 27. Kf1 Nxf4 28. Bc6 Ng6 29. Rc1 Ne7 30. Rxc5 Nxc6 31. dxc6 Rd6 32. Ke2 Kf8 33. a4 Ke7 34. Ke3 Ke6 35. Ke4 f5+ 36. Rxf5 Rxc6 37. Re5+ Kd6 38. Rd5+ Ke6 39. Rd4 Rc5 40. f4 Ra5 41. g4 g6 42. Rc4 Kd6 43. f5 gxf5+ 44. gxf5 a6 45. Kf4 Ke7 46. Re4+ Kf7 47. h4 Kf6 48. Re6+ Kf7 49. Rxh6 Rxa4+ 50. Kg5 Ra1 51. Rh7+ Kf8 52. Rxc7 Kg8 53. Ra7 a5 54. h5 a4 55. Kf6 a3 56. h6 a2 57. Ra8+ Kh7 58. Ra3 Kg8 59. Ra7 Kh8 60. Ra5 Kh7 61. Ra4 Kh8 62. Ra5 Kh7 63. Ra6 Kh8 64. Kf7 Kh7 65. f6 Kxh6 66. Kf8 Rf1 67. f7+ Kg5 68. Rxa2 Kg6 69. Ra6+ Kh7 70. Ra3 Rf2 71. Rh3+ Kg6 72. Rg3+ Kh7 73. Rg4 Rf1 74. Re4 Kg6 75. Re6+ Kh7 76. Rd6 Rf2 77. Rc6 Rf1 78. Rc3 Rf2 79. Re3 Kg6 80. Rg3+ Kh7 81. Rg8 Rf1 82. Ke8 Re1+ 83. Kd7 Rd1+ 84. Kc6 Rc1+ 85. Kb5 Rd1 86. Rh8+ Kg6 87. f8=Q Rb1+ 88. Ka4 Ra1+ 89. Kb3 Rb1+ 90. Kc2 Rf1 91. Qxf1 Kg5 92. Rh1 Kg6 93. Rg1+ Kh5 94. Qg2 Kh4 95. Rh1# 1-0


[Site "https://www.chess.com"]

[Event "Titled Tuesday Blitz August 16 Late 2022"]
[White "Sokolovsky, Yahli"]
[Black "Kravtsiv, Martyn"]
[WhiteFideId "2820242"]
[BlackFideId "14113147"]
[WhiteElo "1867"]
[BlackElo "2694"]
[Result "0-1"]
[Round "07"]
[TimeControl "180+1"]
[Date "2022.08.16"]
[WhiteClock "0:00:01"]
[BlackClock "0:00:39"]

1. b3 d5 2. Bb2 Bg4 3. h3 Bh5 4. g4 Bg6 5. d3 Nc6 6. Nf3 h5 7. Nh4 hxg4 8. Nxg6 fxg6 9. Qd2 Qd7 10. Nc3 gxh3 11. Qg5 O-O-O 12. Qxg6 Nf6 13. Qg3 g5 14. Rxh3 Rxh3 15. Bxh3 g4 16. Bg2 Bh6 17. e3 d4 18. Nb5 dxe3 19. fxe3 Nb4 20. Nd4 e5 21. Qxe5 Bxe3 22. Qxe3 Re8 23. Be4 c5 24. O-O-O cxd4 25. Qxd4 Qxd4 26. Bxd4 Nxe4 27. dxe4 Rxe4 28. Bxa7 Re2 29. Kb1 g3 30. Bb6 Nc6 31. Rd6 g2 32. Rg6 Kd7 33. Kb2 Nb4 34. a3 Nxc2 35. Kc3 Ne1 36. b4 Ke8 37. Rg7 Rc2+ 38. Kb3 Rc6 39. Bd4 b5 40. a4 Rd6 41. Bc5 Rd3+ 42. Kb2 Rd2+ 43. Kc3 Rc2+ 44. Kb3 bxa4+ 45. Kxa4 Nd3 46. Bd4 Nf4 47. Rg4 Ne6 48. Bb6 Kf7 49. b5 Kf6 50. Be3 Kf5 51. Rg8 Ke4 52. Bg1 Nf4 53. b6 Rb2 54. Ka5 Rb1 55. Bc5 Kd5 56. Be3 Kc4 57. b7 Nd5 58. b8=Q Ra1# 0-1


[Site "https://www.chess.com"]

[Event "Titled Tuesday Blitz August 16 Late 2022"]
[White "Swiercz, Dariusz"]
[Black "Wu, Rochelle"]
[WhiteFideId "1126881"]
[BlackFideId "30908132"]
[WhiteElo "2627"]
[BlackElo "2168"]
[Result "1-0"]
[Round "07"]
[TimeControl "180+1"]
[Date "2022.08.16"]
[WhiteClock "0:01:03"]
[BlackClock "0:00:12"]

1. b3 b6 2. Bb2 Bb7 3. e3 Nf6 4. c4 d6 5. Bxf6 exf6 6. Nf3 f5 7. Nc3 g6 8. g3 Bg7 9. Rc1 Nd7 10. Bg2 O-O 11. O-O Re8 12. d4 Nf6 13. Nd2 Bxg2 14. Kxg2 Ne4 15. Qc2 Nxc3 16. Qxc3 Qd7 17. Qd3 Re7 18. Nf3 Rae8 19. Rfd1 Qc6 20. b4 Qe4 21. a4 c5 22. bxc5 bxc5 23. dxc5 dxc5 24. Qd5 Rc7 25. h4 Rb8 26. Qxe4 fxe4 27. Ng5 Re7 28. Rd5 h6 29. Nh3 Rc7 30. Nf4 Rb2 31. h5 g5 32. Rd8+ Kh7 33. Nd5 Rcb7 34. g4 Ra2 35. Re8 Rbb2 36. Rf1 Rxa4 37. Rxe4 Rc2 38. Re7 Rcxc4 39. Rxf7 Rxg4+ 40. Kf3 Kg8 41. Rd7 Rh4 42. Rb1 Rh3+ 43. Kg2 Rxh5 44. Rb8+ Kh7 45. Nf6+ Kg6 46. Nxh5 1-0


[Site "https://www.chess.com"]

[Event "Titled Tuesday Blitz August 16 Late 2022"]
[White "Thiel, Thomas"]
[Black "Winterberg, Lukas"]
[WhiteFideId "4615964"]
[BlackFideId "24622702"]
[WhiteElo "2230"]
[BlackElo "2349"]
[Result "0-1"]
[Round "07"]
[TimeControl "180+1"]
[Date "2022.08.18"]
[WhiteClock "0:00:00"]
[BlackClock "0:00:00"]

1. e4 e6 2. d4 d5 3. Nc3 Nf6 4. Bg5 h6 5. Bxf6 Qxf6 6. exd5 Bb4 7. dxe6 Bxe6 8. Nf3 Nc6 9. Be2 O-O-O 10. O-O Nxd4 11. Nxd4 Qxd4 12. Qxd4 Rxd4 13. Nb5 Rd2 14. Bd3 Rd8 15. Nxa7+ Kb8 16. Nb5 c6 17. a3 Ba5 18. Nc3 Bxc3 19. bxc3 c5 20. Rfd1 Rxd1+ 21. Rxd1 Kc7 22. Kf1 Ra8 23. Ra1 f5 24. Ke2 c4 0-1


[Site "https://www.chess.com"]

[Event "Titled Tuesday Blitz August 16 Late 2022"]
[White "Thomforde-Toates, Noah"]
[Black "Chigaev, Maksim"]
[WhiteFideId "30951992"]
[BlackFideId "4108116"]
[WhiteElo "2619"]
[BlackElo "2487"]
[Result "0-1"]
[Round "07"]
[TimeControl "180+1"]
[Date "2022.08.16"]
[WhiteClock "0:01:49"]
[BlackClock "0:01:43"]

1. d4 Nf6 2. Nc3 d5 3. Bf4 g6 4. e3 c6 5. Nf3 Bg7 6. Be2 O-O 7. O-O Bg4 8. Ne5 Bxe2 9. Qxe2 Nbd7 10. f3 Nh5 11. Nd3 Nxf4 12. Nxf4 e5 13. dxe5 Nxe5 14. Rad1 Qb6 15. Na4 Qa5 16. b3 Rfe8 17. Rfe1 Rad8 18. Qd2 Qxd2 19. Rxd2 Nd7 20. Rde2 b5 21. e4 dxe4 22. Rxe4 Rxe4 23. Rxe4 bxa4 24. Rxa4 Nc5 25. Rxa7 Bd4+ 26. Kf1 Nd3 27. Nxd3 Bxa7 28. Ke2 Kf8 29. Ne5 Re8 30. f4 f6 31. Kd3 fxe5 0-1


[Site "https://www.chess.com"]

[Event "Titled Tuesday Blitz August 16 Late 2022"]
[White "Tristan, Leonardo"]
[Black "Levine, Joseph"]
[WhiteFideId "113816"]
[BlackFideId "30940346"]
[WhiteElo "2404"]
[BlackElo "1810"]
[Result "1-0"]
[Round "07"]
[TimeControl "180+1"]
[Date "2022.08.16"]
[WhiteClock "0:00:46"]
[BlackClock "0:00:52"]

1. d4 d5 2. Nf3 Nf6 3. Bf4 Bf5 4. e3 e6 5. c4 Nbd7 6. Nc3 Bd6 7. Bxd6 cxd6 8. cxd5 Nxd5 9. Nxd5 exd5 10. Bd3 Qa5+ 11. Qd2 Qxd2+ 12. Kxd2 Bxd3 13. Kxd3 Rc8 14. Rhc1 Ke7 15. g4 Nf6 16. h3 Ne4 17. Ke2 Kd7 18. Ne1 Rxc1 19. Rxc1 Rc8 20. Rxc8 Kxc8 21. f3 Nf6 22. Nd3 g5 23. Kf2 Kd7 24. Kg3 a5 25. h4 h6 26. Nf2 Ne8 27. f4 f6 28. e4 dxe4 29. Nxe4 Ke6 30. fxg5 fxg5 31. hxg5 hxg5 32. Nxg5+ Kd5 33. Nf3 Ke4 34. g5 Kd3 35. Kf4 Kc2 36. b3 Kb2 37. Kf5 Kxa2 38. Nd2 b5 39. Ke6 Kb2 40. Kf7 d5 41. Kxe8 a4 42. bxa4 bxa4 43. g6 a3 44. g7 a2 45. g8=Q a1=Q 46. Qxd5 Qe1+ 47. Ne4 Qh4 48. Kd7 Qh7+ 49. Kd6 Qh2+ 50. Qe5 Qh6+ 51. Kc5 Kb3 52. d5 Qe3+ 53. Qd4 Qc1+ 54. Qc3+ 1-0


[Site "https://www.chess.com"]

[Event "Titled Tuesday Blitz August 16 Late 2022"]
[White "Urazayev, Arystanbek"]
[Black "Grischuk, Alexander"]
[WhiteFideId "13709810"]
[BlackFideId "4126025"]
[WhiteElo "2441"]
[BlackElo "2762"]
[Result "0-1"]
[Round "07"]
[TimeControl "180+1"]
[Date "2022.08.16"]
[WhiteClock "0:00:16"]
[BlackClock "0:01:08"]

1. e4 e6 2. d4 d5 3. e5 c5 4. c3 Nc6 5. Nf3 Bd7 6. Be2 Nge7 7. Na3 cxd4 8. cxd4 Nf5 9. Nc2 Qb6 10. O-O a5 11. b3 Nb4 12. Ne3 Nxe3 13. Bxe3 Bb5 14. a4 Bxe2 15. Qxe2 Qa6 16. Qb2 Be7 17. h4 h6 18. h5 Qd3 19. Qb1 Kd7 20. Qxd3 Nxd3 21. Rfd1 Nb4 22. Rdc1 Rhc8 23. Ne1 Rxc1 24. Rxc1 b5 25. g4 bxa4 26. bxa4 Rb8 27. Kf1 Nc6 28. Nd3 Rb3 29. Nc5+ Bxc5 30. Rxc5 Rb4 31. f4 Rxa4 32. Kf2 Nxd4 33. f5 Nc6 34. f6 Rxg4 35. Rb5 Nxe5 36. Rb7+ Kc6 37. Rb6+ Kc7 38. fxg7 Rxg7 39. Ra6 Ng4+ 0-1


[Site "https://www.chess.com"]

[Event "Titled Tuesday Blitz August 16 Late 2022"]
[White "Urh, Zala"]
[Black "Lehtosaari, Mauri"]
[WhiteFideId "14611481"]
[BlackFideId "501999"]
[WhiteElo "2097"]
[BlackElo "2200"]
[Result "1-0"]
[Round "07"]
[TimeControl "180+1"]
[Date "2022.08.18"]
[WhiteClock "0:00:00"]
[BlackClock "0:00:00"]

1. e4 c5 2. Nf3 e6 3. d4 cxd4 4. Nxd4 Bc5 5. Be3 Qb6 6. Nb3 Bxe3 7. fxe3 Qxe3+ 8. Qe2 Qxe2+ 9. Kxe2 b6 10. Nc3 Bb7 11. Rd1 Ke7 12. Kf2 Nc6 13. Bd3 Nf6 14. Rhe1 Ne5 15. h3 Rhd8 16. Bf1 d6 17. g4 h6 18. Kg3 Rac8 19. Bg2 a6 20. Nd4 b5 21. a3 Nc4 22. e5 Nd5 23. exd6+ Kf6 24. Nxd5+ exd5 25. b3 Nxa3 26. Re7 Rc3+ 27. Kh2 Bc6 28. Rf1+ Kg6 29. Rfxf7 Rg8 30. d7 Bxd7 31. Rxd7 Nxc2 32. Nxc2 Rxc2 33. Kg3 h5 34. Bxd5 Rc3+ 35. Rf3 Rxf3+ 36. Bxf3 hxg4 37. hxg4 Rf8 38. Rd6+ Rf6 39. Rxf6+ Kxf6 40. b4 Ke5 41. Bb7 Kd4 42. Bxa6 Kc4 43. Kf4 Kxb4 44. Kg5 Ka5 45. Bc8 b4 46. Kg6 Kb6 47. Bf5 Kc7 48. Kxg7 Kd6 49. Kf6 Kc7 50. g5 Kd8 51. Kf7 Kc7 52. g6 Kd6 53. g7 Ke5 54. Bb1 Kd4 55. g8=Q Kc3 56. Qg2 Kb3 57. Qc2+ Ka3 58. Qa2# 1-0


[Site "https://www.chess.com"]

[Event "Titled Tuesday Blitz August 16 Late 2022"]
[White "Uskov, Artem"]
[Black "Pires, Marcos Vinicius Torsani"]
[WhiteFideId "34254854"]
[BlackFideId "2118939"]
[WhiteElo "2335"]
[BlackElo "2273"]
[Result "1-0"]
[Round "07"]
[TimeControl "180+1"]
[Date "2022.08.18"]
[WhiteClock "0:00:00"]
[BlackClock "0:00:00"]

1. e4 c5 2. Nf3 Nc6 3. d4 cxd4 4. Nxd4 g6 5. Nc3 Bg7 6. Be3 Nf6 7. Bc4 Qa5 8. O-O O-O 9. Bb3 d6 10. h3 Bd7 11. f4 Nxd4 12. Bxd4 Bc6 13. Re1 Rad8 14. Qf3 Nd7 15. Bxg7 Kxg7 16. Rad1 Nc5 17. Kh2 b5 18. a3 Nxb3 19. cxb3 b4 20. Ne2 bxa3 21. bxa3 Qxa3 22. Nd4 Bb7 23. Qg3 Kh8 24. Qc3 Qc5 25. Qb2 e5 26. Nf3 f6 27. b4 Qb6 28. Nd2 Ba6 29. Nf3 Rb8 30. fxe5 dxe5 31. Rd7 Qxb4 32. Qa1 Rb7 33. Rdd1 Qb6 34. Qa3 Rd8 35. Rxd8+ Qxd8 36. Qxa6 Rd7 37. Rc1 Kg7 38. Rc8 Qe7 39. Qc4 Rb7 40. Rg8+ Kh6 41. Qc1+ g5 42. Nh4 Rc7 43. Nf5+ Kh5 44. Qd1+ g4 45. Qxg4# 1-0


[Site "https://www.chess.com"]

[Event "Titled Tuesday Blitz August 16 Late 2022"]
[White "Vargas, Mauricio"]
[Black "Kovacevic, Radmila"]
[WhiteFideId "4404572"]
[BlackFideId "933171"]
[WhiteElo "2004"]
[BlackElo "2157"]
[Result "0-1"]
[Round "07"]
[TimeControl "180+1"]
[Date "2022.08.18"]
[WhiteClock "0:00:00"]
[BlackClock "0:00:00"]

1. e4 e5 2. Nf3 d5 3. exd5 e4 4. Qe2 Nf6 5. Ng5 Qxd5 6. d3 Bg4 7. f3 Be6 8. fxe4 Qa5+ 9. Bd2 Qb6 10. Nc3 Nc6 11. e5 Nd4 12. Qd1 Qxb2 13. exf6 Nxc2+ 14. Kf2 Bc5+ 15. Kg3 Nxa1 16. Nxe6 fxe6 17. Qh5+ Kd8 18. Qxc5 Qxd2 19. Qe7+ Kc8 20. Qxe6+ Kb8 21. fxg7 Qg5+ 22. Qg4 Qe5+ 23. Kh3 Rg8 24. Ne4 Rxg7 25. Qf3 Qe6+ 26. g4 Rf7 27. Qg3 h5 28. Kg2 Qxa2+ 29. Kg1 Nc2 30. gxh5 a5 31. Qg8+ Ka7 32. Qg2 Rg8 0-1


[Site "https://www.chess.com"]

[Event "Titled Tuesday Blitz August 16 Late 2022"]
[White "Vasquez Schroeder, Rodrigo"]
[Black "Avila Pavas, Santiago"]
[WhiteFideId "3400042"]
[BlackFideId "4437128"]
[WhiteElo "2567"]
[BlackElo "2291"]
[Result "0-1"]
[Round "07"]
[TimeControl "180+1"]
[Date "2022.08.16"]
[WhiteClock "0:00:58"]
[BlackClock "0:00:07"]

1. e4 Nf6 2. d3 e5 3. Nf3 Nc6 4. c3 Bc5 5. Be2 d6 6. b4 Bb6 7. a3 a5 8. Bb2 axb4 9. axb4 Rxa1 10. Bxa1 O-O 11. O-O Ne7 12. Nbd2 Ng6 13. Nc4 Ba7 14. Re1 b5 15. Ne3 Nf4 16. Bf1 Ng4 17. Bb2 Qf6 18. Bc1 Re8 19. h3 Nxe3 20. Bxe3 Bxe3 21. fxe3 Ng6 22. Qd2 Bxh3 23. d4 Bg4 24. Bxb5 Rb8 25. Be2 Bxf3 26. Bxf3 Nh4 27. Rf1 Qg5 28. Qf2 h6 29. Be2 Kh7 30. g3 Ra8 31. Bc4 exd4 32. exd4 Ra3 33. Kh2 Ng6 34. Qb2 Ra8 35. Bxf7 Qe3 36. Qc2 Nf8 37. e5+ Kh8 38. exd6 cxd6 39. Bd5 Rc8 40. Rf3 Qe1 41. Qf2 Qxf2+ 42. Rxf2 Nh7 43. c4 Nf6 44. Be6 Rb8 45. b5 Re8 46. d5 Kh7 47. b6 Rb8 48. Rb2 Kg6 49. b7 Ne4 50. Rb6 Nc5 51. Bc8 Ne4 52. Kg2 Kf6 53. Kf3 Ke5 54. c5 Nxc5 55. Kg4 Kxd5 56. Kf5 g5 57. Kg6 Ne4 58. g4 Kc5 59. Rb2 d5 60. Kf5 Nd6+ 61. Ke6 Nc4 62. Rb3 d4 63. Kf5 Nd6+ 64. Ke5 Nxc8 65. bxc8=Q+ Rxc8 66. Rh3 Re8+ 67. Kf5 Kc4 68. Rxh6 Rd8 69. Rc6+ Kd5 70. Rc1 Rg8 71. Rd1 Kc4 72. Rc1+ Kd3 73. Rd1+ Ke3 74. Kf6 d3 75. Kf7 Ra8 76. Kf6 Ke2 77. Rb1 Ra5 78. Rb6 d2 79. Re6+ Kd3 80. Rd6+ Ke3 81. Re6+ Kd4 82. Rd6+ Rd5 83. Ke6 Rxd6+ 84. Kxd6 d1=Q 0-1


[Site "https://www.chess.com"]

[Event "Titled Tuesday Blitz August 16 Late 2022"]
[White "Voege, Tobias"]
[Black "Jorajuria Mendoza, Algol"]
[WhiteFideId "1270513"]
[BlackFideId "5128897"]
[WhiteElo "2360"]
[BlackElo "1600"]
[Result "1-0"]
[Round "07"]
[TimeControl "180+1"]
[Date "2022.08.18"]
[WhiteClock "0:00:00"]
[BlackClock "0:00:00"]

1. e4 c5 2. Nf3 Nc6 3. d4 cxd4 4. Nxd4 Nf6 5. Nc3 d6 6. Bc4 Bd7 7. Be3 Ng4 8. Nxc6 bxc6 9. Bf4 e5 10. Bg3 Be7 11. O-O O-O 12. Bb3 Kh8 13. Qe2 f5 14. exf5 Bxf5 15. Rad1 Nf6 16. Bxe5 Qc7 17. Bg3 Rae8 18. Qd2 Rd8 19. Rfe1 Rfe8 20. Re2 Bg4 21. f3 Qb6+ 22. Bf2 1-0


[Site "https://www.chess.com"]

[Event "Titled Tuesday Blitz August 16 Late 2022"]
[White "Wadsworth, Matthew J"]
[Black "Bilych, Olexiy"]
[WhiteFideId "415804"]
[BlackFideId "14156504"]
[WhiteElo "2294"]
[BlackElo "2157"]
[Result "0-1"]
[Round "07"]
[TimeControl "180+1"]
[Date "2022.08.16"]
[WhiteClock "0:00:02"]
[BlackClock "0:00:10"]

1. c4 Nf6 2. g3 e5 3. Bg2 d5 4. cxd5 Nxd5 5. Nc3 Nb6 6. Nf3 Nc6 7. O-O Be7 8. a3 O-O 9. b4 a6 10. d3 Re8 11. Bb2 Bf8 12. Rc1 Bg4 13. Nd2 Qd7 14. Nce4 Rad8 15. Nb3 Na4 16. Ba1 Nd4 17. Re1 Nxb3 18. Qxb3 b5 19. Qc2 Rc8 20. Qc6 a5 21. Qxd7 Bxd7 22. Nc5 Nxc5 23. bxc5 c6 24. d4 exd4 25. Bxd4 b4 26. axb4 axb4 27. Rc4 Rb8 28. Rb1 b3 29. Rb2 Be6 30. Rc3 Rec8 31. e3 Rb4 32. Bf3 g6 33. Kf1 Bg7 34. Bxg7 Kxg7 35. Ke2 Ra8 36. Rd3 Bc4 37. Kd2 Bxd3 38. Kxd3 Ra5 39. Bxc6 Rxc5 40. Bf3 Rb8 41. Bd1 f5 42. Rxb3 Rxb3+ 43. Bxb3 Kf6 44. h4 h6 45. Ke2 g5 46. hxg5+ hxg5 47. Kf3 Rc3 48. Bd5 Ke5 49. Bf7 Rc7 50. Bb3 Rc3 51. Bf7 Rc2 52. Kg2 Rb2 53. Bc4 Rb4 54. Bd3 Rb3 55. Bc2 Rc3 56. Bb1 Ke6 57. Kf3 Kf6 58. Kg2 Rc1 59. Bd3 Rc5 60. Bb1 Ke5 61. Bd3 Kd6 62. Bb1 Re5 63. Kf3 Ke6 64. g4 fxg4+ 65. Kxg4 Kf6 66. Bd3 Rc5 67. f4 Ra5 68. fxg5+ Rxg5+ 69. Kf4 Ra5 70. Be4 Ke6 71. Kf3 Ra4 72. Bd3 Ke5 73. Bg6 Ra6 74. Bd3 Rf6+ 75. Kg3 Kd5 76. Kg4 Rf8 77. Kg3 Ke5 78. Kg4 Rf2 79. Kg3 Rd2 80. Bg6 Rd1 81. Bh5 Rg1+ 82. Kf3 Rg5 83. Bg4 Rg8 84. Bh3 Rf8+ 85. Kg3 Ke4 86. Bg2+ Kxe3 87. Bh3 Rg8+ 88. Kh4 Kf4 0-1


[Site "https://www.chess.com"]

[Event "Titled Tuesday Blitz August 16 Late 2022"]
[White "Winkels, Marcel"]
[Black "Alexikov, Alexander"]
[WhiteFideId "1003887"]
[BlackFideId "14103958"]
[WhiteElo "1900"]
[BlackElo "2253"]
[Result "0-1"]
[Round "07"]
[TimeControl "180+1"]
[Date "2022.08.18"]
[WhiteClock "0:00:00"]
[BlackClock "0:00:00"]

1. e4 c5 2. Nf3 d6 3. Bb5+ Nd7 4. c4 Nf6 5. Nc3 g6 6. d4 cxd4 7. Nxd4 Bg7 8. O-O O-O 9. Ba4 Nb6 10. Bb3 a6 11. Be3 Ng4 12. Bg5 h6 13. h3 Nxf2 14. Rxf2 hxg5 15. Rc1 e6 16. Qd2 Qe7 17. Rd1 Be5 18. Nf3 Bf4 19. Qd3 Bd7 20. a4 Rac8 21. a5 Na8 22. Nd4 Nc7 23. Rdf1 Ne8 24. g3 Be5 25. Nf3 Bxg3 26. Rg2 Bf4 27. Ne2 Ng7 28. Nxf4 gxf4 29. Ng5 Nh5 30. Bc2 Rc5 31. h4 Rxa5 32. b4 Re5 33. Nf3 Bc6 34. Nxe5 dxe5 35. Kh2 Qxh4+ 36. Qh3 Qxh3+ 37. Kxh3 Ng3 38. Rd1 Nxe4 39. Rh2 f5 40. Re1 Kg7 41. Kg2 Nd2+ 42. Kf2 Nxc4 43. Bb3 b5 44. Rc1 Bd5 45. Rh3 e4 0-1


[Site "https://www.chess.com"]

[Event "Titled Tuesday Blitz August 16 Late 2022"]
[White "Yaksin, Oleg"]
[Black "Olenik Campa, Rudi"]
[WhiteFideId "24105880"]
[BlackFideId "14633264"]
[WhiteElo "2256"]
[BlackElo "2008"]
[Result "1-0"]
[Round "07"]
[TimeControl "180+1"]
[Date "2022.08.18"]
[WhiteClock "0:00:00"]
[BlackClock "0:00:00"]

1. d4 Nf6 2. Bg5 Ne4 3. h4 c5 4. dxc5 Nxc5 5. Nd2 d5 6. Ngf3 Nc6 7. c3 h6 8. Be3 Nd7 9. g3 Nf6 10. Bg2 Bf5 11. O-O e5 12. Nb3 Be7 13. Bc5 O-O 14. Bxe7 Qxe7 15. e3 a5 16. a4 Bg4 17. Qc2 Rad8 18. Rfe1 b6 19. Nfd2 e4 20. Bf1 Ne5 21. Nd4 Rc8 22. Qb3 Nfd7 23. Qa3 Nc5 24. b4 Ncd3 25. Bxd3 Nxd3 26. Rf1 axb4 27. cxb4 Bh3 28. Rfb1 Qf6 29. f4 exf3 30. Qxd3 Rfe8 31. Kf2 Qe5 32. N2xf3 Qb8 33. Rc1 Bg4 34. b5 Qd6 35. Qb3 Rc5 36. a5 Rec8 37. Rxc5 bxc5 38. b6 cxd4 39. b7 Re8 40. exd4 Qe6 41. Re1 1-0


[Site "https://www.chess.com"]

[Event "Titled Tuesday Blitz August 16 Late 2022"]
[White "Yanchenko, Roman"]
[Black "Maltsevskaya, Aleksandra"]
[WhiteFideId "4137329"]
[BlackFideId "24174041"]
[WhiteElo "2514"]
[BlackElo "2243"]
[Result "1-0"]
[Round "07"]
[TimeControl "180+1"]
[Date "2022.08.16"]
[WhiteClock "0:00:35"]
[BlackClock "0:00:02"]

1. d4 Nf6 2. c4 g6 3. Nf3 Bg7 4. Nc3 O-O 5. Bf4 d6 6. e3 Nbd7 7. Be2 b6 8. O-O Bb7 9. Rc1 Ne4 10. Nxe4 Bxe4 11. h3 e5 12. dxe5 dxe5 13. Bg3 Qe7 14. Bh4 f6 15. Qb3 Nc5 16. Qa3 a5 17. Rfd1 Rfd8 18. b3 Qe6 19. Ne1 h5 20. Qb2 Qc6 21. a3 Kh7 22. Bg3 Qe8 23. b4 axb4 24. axb4 Ne6 25. Rxd8 Rxd8 26. c5 bxc5 27. bxc5 Bf8 28. Qb4 Qc6 29. Bh4 g5 30. Bg3 h4 31. Bb5 Qb7 32. Bxh4 gxh4 33. f3 Bc6 34. Qxh4+ Kg8 35. Bc4 Bd5 36. Qg4+ Kf7 37. Bd3 e4 38. fxe4 Ba2 39. e5 Qd5 40. Qg6+ Ke7 41. exf6+ Kd7 42. Nf3 1-0


[Site "https://www.chess.com"]